 Dungeon Crawl Stone Soup version 0.24-a0-250-g6074511 (webtiles) character file.

Game seed: 1767465038974694034

240 Hasart the Cutter (level 6, -4/37 HPs)
             Began as a Kobold Gladiator on Apr 14, 2019.
             Slain by an orc
             ... wielding a +0 hand axe
              (6 damage)
             ... on level 4 of the Dungeon.
             The game lasted 00:06:06 (3740 turns).

Hasart the Cutter (Kobold Gladiator)                Turns: 3740, Time: 00:06:06

Health: -4/37      AC:  6    Str: 12    XL:     6   Next: 29%
Magic:  6/6        EV: 14    Int: 10    God:
Gold:   159        SH:  0    Dex: 17    Spells: 5/5 levels left

rFire    . . .     SeeInvis .   a - +0 rapier
rCold    . . .     Gourm    .   (shield restricted)
rNeg     . . .     Faith    .   o - +0 ring mail (curse)
rPois    +         Spirit   .   c - +0 helmet
rElec    .         Reflect  .   (no cloak)
rCorr    .         Harm     +   (no gloves)
MR       .....                  (no boots)
Stlth    ++........             s - amulet of harm
HPRegen  0.12/turn              t - ring of flight
MPRegen  0.10/turn              u - ring of poison resistance (curse)

@: drained
A: small, carnivore
a: Evoke Flight


You were on level 4 of the Dungeon.
You were very full.

You visited 1 branch of the dungeon, and saw 4 of its levels.

You collected 159 gold pieces.

Inventory:

Hand Weapons
 a - a +0 rapier (weapon)
Missiles
 d - 3 throwing nets (quivered)
Armour
 c - a +0 helmet (worn)
 o - a cursed +0 ring mail (worn)
Jewellery
 m - an uncursed amulet of the acrobat
 s - an amulet of harm (around neck)
 t - a ring of flight (left hand)
 u - a cursed ring of poison resistance (right hand)
Wands
 p - a wand of acid (13)
 v - a wand of disintegration (7)
Scrolls
 b - a scroll of blinking {unknown}
 g - 4 scrolls of identify {unknown}
 i - 2 scrolls of teleportation {unknown}
 k - 2 scrolls of magic mapping {unknown}
 n - 2 scrolls of enchant weapon {unknown}
 w - a scroll of random uselessness {unknown}
Potions
 e - a potion of curing {unknown}
 h - 3 potions of lignification {unknown}
 j - 2 potions of heal wounds {unknown}
 l - a potion of resistance {unknown}
 q - a potion of might {unknown}
 r - a potion of haste {unknown}
Comestibles
 f - 6 rations


   Skills:
 + Level 3.4(2.5) Fighting
 * Level 6.1(5.1) Short Blades
 - Level 2.1(1.3) Throwing
 + Level 1.1(0.3) Armour
 + Level 4.6(3.7) Dodging
 + Level 3.2(2.3) Stealth
 + Level 0.5(0.0) Evocations


You had 5 spell levels left.
You didn't know any spells.
Your spell library contained the following spells:

 Spells                   Type           Power        Failure   Level  Hunger
 Shock                    Conj/Air       #...         65%         1    ##.....
 Swiftness                Chrm/Air       #.......     78%         2    ###....
 Static Discharge         Conj/Air       #.......     95%         3    ####...
 Airstrike                Air            #.........   100%        4    #####..
 Lightning Bolt           Conj/Air       #.........   100%        5    ######.


Dungeon Overview and Level Annotations

Branches:
Dungeon (4/15)
 Temple: D:4-7

Altars:
Trog
Yredelemnul

Annotations:
D:2 1 runed translucent door


Innate Abilities, Weirdness & Mutations

You are small and have problems with some larger weapons.
You are carnivorous and can eat meat at any time.


Message History

You barely miss the orc priest.
The orc priest is moderately wounded.
The orc priest invokes the aid of Beogh against you.
Beogh smites you! The orc closely misses you.
You barely miss the orc priest.
The orc priest is moderately wounded.
The orc priest barely misses you.
You barely miss the orc priest.
The orc priest is moderately wounded.
The orc hits you but does no damage. The orc priest completely misses you.
You closely miss the orc priest.
The orc priest is moderately wounded.
The orc hits you with a +0 hand axe.
The orc priest invokes the aid of Beogh against you.
Beogh smites you!
* * * LOW HITPOINT WARNING * * *
You hit the orc priest but do no damage.
The orc priest is moderately wounded.
The orc hits you with a +0 hand axe.
You die...

########## ##...##...##
##..........##
#............#
#............# .#
#............# .# .
##..........### .##.
##.....o@....## ....
######o####..#######...#
#..# ##...)...#.# . ##.#
######....# # #o###
#..#.#### #.o.#
....##.....
###o#..##......... .o.
#.###....# ..#.#..
#.####


You could see an orc priest and an orc.

Vanquished Creatures
  An orc wizard (D:3)
  A worker ant (D:4)
  4 gnolls
  7 adders
  2 worms
  2 dart slugs
  A leopard gecko (D:1)
  10 orcs
  2 giant cockroaches
  4 goblins
  7 hobgoblins
  5 jackals (D:1)
  3 ball pythons
  5 bats
  8 frilled lizards
  6 kobolds
  7 rats
75 creatures vanquished.

Notes
Turn   | Place    | Note
-------+----------+-------------------------------------------
     0 | D:1      | Hasart the Kobold Gladiator began the quest for the Orb.
     0 | D:1      | Reached XP level 1. HP: 12/12 MP: 1/1
   190 | D:1      | Reached XP level 2. HP: 18/18 MP: 2/2
   236 | D:1      | Reached skill level 1 in Stealth
   351 | D:1      | Reached XP level 3. HP: 14/22 MP: 3/3
  1443 | D:2      | Reached skill level 5 in Short Blades
  1443 | D:2      | Reached XP level 4. HP: 22/27 MP: 4/4
  1808 | D:2      | Found a runed translucent door.
  1808 | D:2      | Noticed a human
  1813 | D:2      | Found a basalt altar of Yredelemnul.
  2144 | D:3      | Reached XP level 5. HP: 22/32 MP: 5/5
  3130 | D:3      | Reached XP level 6. HP: 36/37 MP: 6/6
  3143 | D:3      | Found a bloodstained altar of Trog.
  3165 | D:3      | Reached skill level 1 in Armour
  3182 | D:3      | Reached skill level 6 in Short Blades
  3740 | D:4      | Slain by an orc

Levels and vault maps discovered:
D:1:      sevenhm_arrival_forest_fort_large_2, layout_basic
D:2:      layout_loops_ring, dk_yredelemnul_ordeal
D:3:      layout_basic, nicolae_overflow_crystal_walls
D:4:      layout_rooms, portal_sewer_entry_e, nicolae_zen_rock_garden,
          uniq_natasha

Skill      XL: |  1  2  3  4  5  6 |
---------------+-------------------+-----
Stealth        | 1 2 3 |  3.2
Dodging        | 4 |  4.6
Short Blades   | 5 6 |  6.1
Fighting       | 3 |  3.4
Armour         | 1 |  1.1
Throwing       | |  2.1
Evocations     | |  0.5

Action                   |  1- 3 |  4- 6 || total
-------------------------+-------+-------++-------
Melee: Rapier            |   118 |   190 ||   308
 Stab: Sleeping          |     2 |     4 ||     6
  Eat: Chunk             |    10 |     6 ||    16
Armor: Leather armour    |    15 |       ||    15
       Ring mail         |       |    40 ||    40
Dodge: Dodged            |    98 |   130 ||   228

Table legend:
 A = Non-vault XP
 B = Vault XP
 C = Vault XP percentage of total XP
 D = Non-vault monster count
 E = Vault monster count
 F = Vault count percentage of total count
                 A         B        C        D         E       F
            +---------+---------+-------+---------+---------+-------
      Total |     343 |       0 |   0.0 |      75 |       0 |   0.0
            +---------+---------+-------+---------+---------+-------
        D:1 |      64 |       0 |   0.0 |      32 |       0 |   0.0
        D:2 |      50 |       0 |   0.0 |      13 |       0 |   0.0
        D:3 |     191 |       0 |   0.0 |      27 |       0 |   0.0
        D:4 |      38 |       0 |   0.0 |       3 |       0 |   0.0
            +---------+---------+-------+---------+---------+-------
